 Dungeon Crawl Stone Soup version 0.26-a0-660-gc07710193c (webtiles) character file.

Game seed: 2738781643754979568

3796 wqewqe the Cleaver (level 9, -9/88 HPs)
             Began as a Deep Dwarf Fighter on Oct 7, 2020.
             Mangled by a fire elemental (13 damage)
             ... summoned by a deep elf mage
             ... on level 9 of the Dungeon.
             The game lasted 00:08:21 (1637 turns).

wqewqe the Cleaver (Deep Dwarf Fighter)             Turns: 1637, Time: 00:08:22

Health: -9/88      AC: 13    Str: 23    XL:     9   Next: 96%
Magic:  6/6        EV:  4    Int:  9    God:
Gold:   131        SH: 10    Dex: 12    Spells: 8/8 levels left

rFire    . . .     SeeInvis .   a - +1 war axe
rCold    . . .     Faith    .   c - +1 kite shield
rNeg     . . .     Spirit   .   i - +0 plate armour
rPois    .         Reflect  .   (no helmet)
rElec    .         Harm     .   f - +0 cloak
rCorr    .         Rampage  .   n - +0 pair of gloves
MR       +....                  (no boots)
Stlth    ..........             h - amulet of regeneration
HPRegen  0.00/turn              (no ring)
MPRegen  0.10/turn              (no ring)

@: non-regenerating
A: damage resistance, heal wounds, sense surroundings 2, no regeneration
a: Heal Wounds


You were on level 9 of the Dungeon.
You visited 2 branches of the dungeon, and saw 10 of its levels.

You collected 131 gold pieces.

Inventory:

Hand Weapons
 a - a +1 war axe (weapon)
Armour
 b - a +0 scale mail
 c - a +1 kite shield (worn)
 f - a +0 cloak (worn)
 i - a +0 plate armour (worn)
 n - a +0 pair of gloves (worn)
Jewellery
 h - an amulet of regeneration (around neck)
 r - a +4 ring of evasion {unknown}
 s - a +6 ring of strength {unknown}
Wands
 g - a wand of iceblast (14)
 l - a wand of acid (6)
Scrolls
 d - 3 scrolls of teleportation
 k - a scroll of fear
 m - a scroll of immolation
 o - 3 scrolls of remove curse
Potions
 e - a potion of brilliance
 j - 6 potions of curing


   Skills:
 + Level 8.1 Fighting
 * Level 12.6 Axes
 - Level 3.2 Armour
 - Level 3.2 Shields


You had 8 spell levels left.
You didn't know any spells.
Your spell library was empty.

Dungeon Overview and Level Annotations

Branches:
Dungeon (9/15)             Temple (1/1) D:4            Lair (0/6) D:8
    Orc: D:9-12

Altars:
Ashenzari
Cheibriados
Dithmenos
Fedhas
Gozag
Hepliaklqana
Kikubaaqudgha
Makhleb
Okawaru
Qazlal
Sif Muna
Trog
Uskayaw
Vehumet
Wu Jian
Xom
Yredelemnul


Innate Abilities, Weirdness & Mutations

You are resistant to damage.
You can heal yourself by infusing magical energy.
You passively map the area around you.
You do not regenerate.


Message History

The deep elf mage is almost dead.
You hit the fire elemental. x2; The fire elemental closely misses you.
The fire elemental hits you. The fire elemental burns you!
* * * LOW HITPOINT WARNING * * *
You block the deep elf mage's attack.
You closely miss the deep elf mage.
The deep elf mage is almost dead.
You closely miss the fire elemental. x2; You block the fire elemental's attack. x2
You hit the deep elf mage but do no damage.
The deep elf mage is almost dead.
You barely miss the fire elemental. You miss the fire elemental.
You block the fire elemental's attack. The fire elemental hits you.
The fire elemental burns you!
* * * LOW HITPOINT WARNING * * *
The deep elf mage hits you with a +0 rapier.
* * * LOW HITPOINT WARNING * * *
The fire elemental hits you. The fire elemental burns you!
* * * LOW HITPOINT WARNING * * *
The fire elemental hits you. The fire elemental burns you!
You die...

......# ,,,
#.......##'##...#
......*
,...................#
....(.* ,
###########........#
* ... ,* , ,
..............# , , *
* ..$...........# , ,
,
#+++######8........#
,
,#$.P'..............#
, *
#..EE..............#
,#.Ee@..............#
#+++######8.#......#
, ,.....#......# *
.......#......#
######.######## * , ,
, , ..# *** ###


You could see a deep elf mage and 3 fire elementals.

Vanquished Creatures
  Pikel (D:6)
  Joseph (D:9)
  A wyvern (D:8)
  2 wargs (D:8)
  A water moccasin (D:9)
  4 orc warriors (D:8)
  An ice beast (D:8)
  3 sky beasts
  3 ogres
  A phantom (D:6)
  3 centaurs
  4 lemures
  A big kobold (D:7)
  A bullfrog (D:7)
  A scorpion (D:8)
  6 killer bees (D:9)
  2 howler monkeys
  A bullfrog zombie (D:6)
  2 hounds
  4 orc priests
  2 jellies
  A centaur skeleton (D:8)
  An iguana (D:6)
  3 orc wizards (D:8)
  5 worker ants
  A killer bee zombie (D:8)
  A hound skeleton (D:7)
  3 gnolls (D:6)
  5 adders
  A shadow imp (D:8)
  An adder zombie (D:6)
  An adder skeleton (D:5)
  2 leopard geckos (D:9)
  20 orcs
  A giant cockroach (D:5)
  A hobgoblin (D:3)
  5 jackals (D:9)
  7 kobolds (D:7)
  3 quokkas
  2 frilled lizards
  A quokka zombie (D:5)
  3 rats
113 creatures vanquished.

Notes
Turn   | Place    | Note
-------+----------+-------------------------------------------
     0 | D:1      | wqewqe the Deep Dwarf Fighter began the quest for the Orb.
     0 | D:1      | Reached XP level 1. HP: 20/20 MP: 1/1
    84 | D:3      | Reached XP level 2. HP: 14/27 MP: 2/2
   131 | D:3      | Reached skill level 3 in Axes
   167 | D:5      | Entered Level 5 of the Dungeon
   230 | D:5      | Noticed a centaur
   237 | D:5      | Killed a centaur
   237 | D:5      | Reached skill level 4 in Axes
   237 | D:5      | Reached XP level 3. HP: 27/34 MP: 3/3
   237 | D:5      | Reached XP level 4. HP: 33/42 MP: 4/4
   315 | D:5      | Noticed a sky beast
   345 | D:5      | Killed a sky beast
   345 | D:5      | Reached skill level 5 in Axes
   345 | D:5      | Reached XP level 5. HP: 30/50 MP: 4/4
   398 | D:6      | Noticed a centaur
   400 | D:6      | Noticed an ogre
   407 | D:6      | Killed a centaur
   407 | D:6      | Reached skill level 6 in Axes
   407 | D:6      | Reached XP level 6. HP: 55/58 MP: 5/5
   435 | D:8      | Noticed a wyvern
   435 | D:8      | Noticed an ice beast
   438 | D:8      | Killed an ice beast
   438 | D:8      | Reached skill level 7 in Axes
   438 | D:8      | Reached XP level 7. HP: 63/66 MP: 6/6
   451 | D:8      | Killed a wyvern
   451 | D:8      | Reached skill level 5 in Fighting
   591 | D:6      | Noticed Pikel
   642 | D:4      | Found a staircase to the Ecumenical Temple.
   650 | Temple   | Entered the Ecumenical Temple
   905 | D:6      | Killed Pikel
   905 | D:6      | Reached skill level 9 in Axes
   905 | D:6      | Reached XP level 8. HP: 43/76 MP: 6/6
  1017 | D:7      | Found a shadowy altar of Dithmenos.
  1036 | D:7      | Reached skill level 10 in Axes
  1243 | D:8      | Found a staircase to the Lair.
  1258 | D:8      | Gained mutation: You passively map the area around you.
                  | [Deep Dwarf growth]
  1258 | D:8      | Reached XP level 9. HP: 36/85 MP: 7/7
  1268 | D:8      | Reached skill level 11 in Axes
  1432 | D:9      | Noticed Joseph
  1447 | D:9      | Killed Joseph
  1447 | D:9      | Reached skill level 12 in Axes
  1622 | D:9      | Noticed a deep elf mage
  1637 | D:9      | HP: 4/88 [fire elemental[a deep elf mage] (7)]
  1637 | D:9      | Mangled by a fire elemental

Illustrated notes

Levels and vault maps discovered:
D:1:      minmay_arrival_open_corners, layout_basic, skrybe_limestone_x,
          minmay_fountain_box
D:2:      layout_loops_ring, lemuel_coloured_pillars_altar, lemuel_round_altar,
          tso_metal_star, chequers_ecumenical_altar_grove
D:3:      layout_loops_ring
D:4:      layout_loops_ring, minmay_temple_entry_overgrown
D:5:      layout_loops_cross, nemelex_xobeh_ov_fountains_minmay
D:6:      layout_rooms, serial_co_window_serial, co_window_paths_a,
          co_window_of_opportunity_a, co_window_of_opportunity_a,
          co_window_corner_a, co_window_paths_a, co_window_of_opportunity_c,
          co_window_of_opportunity_b, co_window_of_opportunity_c,
          co_window_unsneaky_path_a, co_window_2corner, co_window_broadway_c,
          co_window_paths_d, co_window_4corner_b, hangedman_decor_growths,
          uniq_pikel
D:7:      layout_rooms, grunt_dithmenos_smoke, kennysheep_generic_room_5
D:8:      layout_basic, nicolae_overflow_hidden_temple,
          erik_lair_orcish_takeover, ebering_ghost_xom
D:9:      layout_irregular_city, minivault_27, guppyfry_early_elven_hall,
          uniq_joseph
Temple:   eino_temple_rhombus

Skill      XL: |  1  2  3  4  5  6  7  8  9 |
---------------+----------------------------+-----
Fighting       | 3 4 5 6 8 |  8.1
Axes           | 4 5 6 7 9 10 12 | 12.6
Armour         | |  3.2
Shields        | |  3.2

Action                   |  1- 3 |  4- 6 |  7- 9 || total
-------------------------+-------+-------+-------++-------
Melee: War axe           |    32 |    50 |   254 ||   336
 Abil: Heal Wounds       |     1 |     4 |    23 ||    28
Evoke: Wand              |       |       |     5 ||     5
  Use: Potion            |     1 |       |     4 ||     5
       Scroll            |       |       |    11 ||    11
Armor: Scale mail        |    14 |    26 |    22 ||    62
       Plate armour      |       |       |   130 ||   130
       Skin              |       |       |    91 ||    91
Dodge: Dodged            |     4 |     8 |    72 ||    84
Block: Kite shield       |    13 |    20 |   226 ||   259

Table legend: (Time is in decaauts)
 A = Elapsed time spent in this place.
 B = Non-inter-level travel time spent in this place.
 C = Inter-level travel time spent in this place.
 D = Time resting spent in this place.
 E = Time spent auto-exploring this place.
 F = Levels seen in this place.
 G = Mean time per level.
                   A        B        C        D        E       F      G
               +--------+--------+--------+--------+--------+-----+--------+
         Total |   1673 |   1644 |     29 |      0 |      0 |  10 |  167.3 |
       Dungeon |   1584 |   1560 |     24 |      0 |      0 |   9 |  176.0 |
        Temple |     88 |     83 |      5 |      0 |      0 |   1 |   88.0 |
               +--------+--------+--------+--------+--------+-----+--------+

Top non-repeatable levels by time:
     D:5: 331 daAuts
     D:6: 307 daAuts
     D:7: 227 daAuts
     D:8: 222 daAuts
     D:9: 215 daAuts
     D:4: 126 daAuts
  Temple: 88 daAuts
     D:3: 87 daAuts
     D:1: 42 daAuts
     D:2: 24 daAuts
